 Dungeon Crawl Stone Soup version 0.24.0-13-gcf9b319 (webtiles) character file.

Game seed: 16281009684747375123, levelgen mode: deterministic

33 Bronimir the Chopper (level 3, -8/29 HPs)
             Began as a Centaur Gladiator on Apr 12, 2020.
             Mangled by Crazy Yiuf
             ... wielding a +4 quarterstaff of chaos
              (18 damage)
             ... on level 2 of the Dungeon.
             The game lasted 00:02:04 (1072 turns).

Bronimir the Chopper (Centaur Gladiator)            Turns: 1072, Time: 00:02:04

Health: -8/29      AC:  5    Str: 17    XL:     3   Next: 12%
Magic:  3/3        EV:  9    Int:  7    God:
Gold:   72         SH:  3    Dex: 10    Spells: 2/2 levels left

rFire    . . .     SeeInvis .   a - +0 war axe
rCold    . . .     Gourm    .   n - +0 buckler
rNeg     . . .     Faith    .   b - +0 leather armour
rPois    .         Spirit   .   c - +0 helmet
rElec    .         Reflect  .   (no cloak)
rCorr    .         Harm     .   (no gloves)
MR       .....                  (no barding)
Stlth    ..........             (no amulet)
HPRegen  0.09/turn              (no ring)
MPRegen  0.08/turn              (no ring)

@: very slightly contaminated, invisible, very quick
A: large, hooves 3, deformed body, speed 2, tough skin 3
a: no special abilities


You were on level 2 of the Dungeon.
You were not hungry.

You visited 1 branch of the dungeon, and saw 2 of its levels.

You collected 72 gold pieces.

Inventory:

Hand Weapons
 a - a +0 war axe (weapon)
Missiles
 d - 3 throwing nets (quivered)
 h - 39 sling bullets
 i - 36 stones
Armour
 b - a +0 leather armour (worn)
 c - a +0 helmet (worn)
 n - a +0 buckler (worn)
Jewellery
 k - an uncursed ring of fire
Wands
 t - a wand of paralysis (8)
Scrolls
 e - 4 scrolls of identify {unknown}
 g - 2 scrolls of amnesia {unknown}
 j - 2 scrolls of magic mapping {unknown}
 l - a scroll of teleportation {unknown}
 o - a scroll of immolation {unknown}
 s - 2 scrolls of random uselessness {unknown}
Potions
 m - 4 potions of curing {unknown}
 p - a potion of agility {unknown}
 r - 2 potions of mutation {unknown}
Comestibles
 f - 3 rations


   Skills:
 * Level 2.2 Fighting
 * Level 3.1 Axes
 + Level 2.2 Throwing
 * Level 0.6 Armour
 * Level 2.4 Dodging
 * Level 0.4 Shields


You had 2 spell levels left.
You didn't know any spells.
Your spell library was empty.

Dungeon Overview and Level Annotations

Branches:
Dungeon (2/15)

Altars:

Annotations:
D:2 Crazy Yiuf


Innate Abilities, Weirdness & Mutations

You have hooves in place of feet.
Armour fits poorly on your strangely shaped body.
You cover ground very quickly.
You have extremely tough skin. (AC +3)


Message History

Crazy Yiuf laughs, "Fluff bag agre!"
You closely miss Crazy Yiuf. You kick Crazy Yiuf.
Crazy Yiuf is lightly wounded.
Crazy Yiuf barely misses you.
You closely miss Crazy Yiuf. Your kick misses Crazy Yiuf.
Crazy Yiuf is lightly wounded.
Crazy Yiuf laughs, "Cards dark horse!"
Crazy Yiuf hits you with a +4 quarterstaff of chaos!
You fade into invisibility!
You are very lightly contaminated with residual magic.
You catch the helpless Crazy Yiuf completely off-guard!
You hit Crazy Yiuf but do no damage. You kick Crazy Yiuf.
Crazy Yiuf is lightly wounded.
Crazy Yiuf closely misses you.
You closely miss Crazy Yiuf. You kick Crazy Yiuf!
Crazy Yiuf is severely wounded.
Crazy Yiuf hits you with a +4 quarterstaff of chaos!
You are electrocuted!!
Ouch! That really hurt!
You die...

##### #..)#
#...# ... #g#
♣♣@♣ ♣.♣♣ ♣♣.♣
♣.♣♣ ♣♣.♣♣
♣...♣♣ ♣....♣
#....# ######
##..#####....#


You could see Crazy Yiuf.

Vanquished Creatures
  A worm (D:2)
  2 giant cockroaches
  3 hobgoblins
  A quokka (D:2)
  A ball python (D:1)
  7 bats
  A frilled lizard (D:1)
  7 goblins
  3 kobolds
  2 rats
28 creatures vanquished.

Notes
Turn   | Place    | Note
-------+----------+-------------------------------------------
     0 | D:1      | Bronimir the Centaur Gladiator began the quest for the Orb.
     0 | D:1      | Reached XP level 1. HP: 17/17 MP: 1/1
   214 | D:1      | Reached XP level 2. HP: 24/24 MP: 2/2
   618 | D:2      | Reached skill level 3 in Axes
   743 | D:2      | Reached XP level 3. HP: 19/29 MP: 3/3
   991 | D:2      | Found a runed translucent door.
   992 | D:2      | Noticed Crazy Yiuf
  1072 | D:2      | Mangled by Crazy Yiuf

Levels and vault maps discovered:
D:1:      matt_arrival_spirals, layout_rooms, serial_forest,
          infiniplex_forest_clump_double, infiniplex_forest_zigzag_1,
          infiniplex_forest_corner_1, infiniplex_forest_clump_small,
          infiniplex_forest_clump_curved, infiniplex_forest_lined_2
D:2:      layout_loops_cross, first_ration, uniq_sigmund,
          uniq_crazy_yiuf_cottage

Skill      XL: |  1  2 |
---------------+-------+-----
Axes           | 3 |  3.1
Fighting       | |  2.2
Throwing       | |  2.2
Armour         | |  0.6
Dodging        | |  2.4
Shields        | |  0.4

Action                   || total
-------------------------++-------
Melee: War axe           ||    70
       Kick              ||    13
 Stab: Invisible         ||     1
Armor: Leather armour    ||    36
Dodge: Dodged            ||    35
Block: Buckler           ||     4
